 Dungeon Crawl Stone Soup version 0.24.0-123-gd5b16e6ec5 (webtiles) character file.

Game seed: 17439188041564642554, levelgen mode: deterministic

33 Moen the Charmwright (level 3, 30/31 HPs)
             Began as a Gnoll Skald on Feb 9, 2020.
             Quit the game on level 1 of the Dungeon.
             The game lasted 00:17:32 (720 turns).

Moen the Charmwright (Gnoll Skald)                   Turns: 720, Time: 00:17:33

Health: 30/31      AC:  5    Str: 14    XL:     3   Next: 29%
Magic:  9/9        EV: 13    Int: 15    God:
Gold:   72         SH:  0    Dex: 14    Spells: 11/12 levels left

rFire    . . .     SeeInvis .   m - +0 hunting sling
rCold    . . .     Gourm    .   (no shield)
rNeg     . . .     Faith    .   j - +0 ring mail
rPois    .         Spirit   .   (no helmet)
rElec    .         Reflect  .   (no cloak)
rCorr    .         Harm     .   (no gloves)
MR       .....                  (no boots)
Stlth    +.........             (no amulet)
HPRegen  0.10/turn              (no ring)
MPRegen  0.11/turn              (no ring)

@: no status effects
A: distributed training, fangs 1, strong nose
a: no special abilities


You were on level 1 of the Dungeon.
You were not hungry.

You visited 1 branch of the dungeon, and saw 1 of its levels.

You collected 72 gold pieces.

Inventory:

Hand Weapons
 a - a +0 spear
 m - a +0 hunting sling (weapon)
Missiles
 e - 52 stones (quivered)
Armour
 b - a +0 leather armour
 j - a +0 ring mail (worn)
Jewellery
 h - an uncursed ring of magical power
 l - an uncursed amulet of the gourmand
Scrolls
 g - a scroll of teleportation {unknown}
 i - a scroll of remove curse
 k - a scroll of identify {unknown}
Potions
 c - a potion of invisibility {unknown}
 f - 2 potions of heal wounds {unknown}
Comestibles
 d - a ration


   Skills:
 + Level 4.5 Fighting
 + Level 0.7 Short Blades
 + Level 0.7 Long Blades
 + Level 0.7 Axes
 + Level 0.7 Maces & Flails
 + Level 4.5 Polearms
 + Level 0.7 Staves
 + Level 0.7 Slings
 + Level 0.7 Bows
 + Level 0.7 Crossbows
 + Level 0.7 Throwing
 + Level 2.6 Armour
 + Level 4.5 Dodging
 + Level 0.7 Stealth
 + Level 0.7 Shields
 + Level 0.7 Unarmed Combat
 + Level 5.0 Spellcasting
 + Level 0.5 Conjurations
 + Level 0.5 Hexes
 + Level 5.4 Charms
 + Level 0.5 Summonings
 + Level 0.5 Necromancy
 + Level 0.5 Translocations
 + Level 0.5 Transmutations
 + Level 0.5 Fire Magic
 + Level 0.5 Ice Magic
 + Level 0.5 Air Magic
 + Level 0.5 Earth Magic
 + Level 0.5 Poison Magic
 + Level 0.9 Invocations
 + Level 0.7 Evocations


You had 11 spell levels left.
You knew the following spells:

 Your Spells              Type           Power        Failure   Level  Hunger
a - Infusion              Chrm           ###.         3%          1    None

Your spell library contained the following spells:

 Spells                   Type           Power        Failure   Level  Hunger
 Song of Slaying          Chrm           ###.....     5%          2    ##.....
 Shroud of Golubria       Chrm/Tloc      ##....       14%         2    ##.....
 Regeneration             Chrm/Necr      ##........   28%         3    ###....
 Spectral Weapon          Hex/Chrm       ##......     28%         3    ###....


Dungeon Overview and Level Annotations

Branches:
Dungeon (1/15)

Altars:
Ashenzari


Innate Abilities, Weirdness & Mutations

Your experience applies equally to all skills.
You have very sharp teeth.
Your uncanny sense of smell can sniff out nearby items.


Message History

Firing (i - inventory)
e - 44 stones (quivered)
Press: ? - help, Shift-Dir - straight line, f/p - ooze
Aim: an ooze (almost dead)
You shoot a stone. The stone hits the ooze.
You kill the ooze!
Firing (i - inventory)
e - 43 stones (quivered)
Press: ? - help, Shift-Dir - straight line, f - you
Okay, then.
e - 48 stones (gained 5)
Found a lumpy blue potion.
e - 52 stones (gained 4)
f - 2 lumpy blue potions (gained 1)
You open the large door.
There is a large open door here.
You see here a mace.
Unknown command.
Unknown command.
Unknown command.
Unknown command.
Are you sure you want to abandon this character and quit the game? (Confirm with "yes".)

... ##..##...##..##
#.##.###..##...##..#####
#........##...##........
.##....''.8.''....#####
#####..##...##..##
#.......##...##..#
#.###.#..##...##..##
#.#.###.....##.8.##..###
#>.....@.....##'####....
#############.######..†.....###
##≈≈≈≈≈#######.#########...###
# #≈≈≈≈≈≈≈#..................#
# ##≈≈≈≈≈≈≈#.################.#
# .'...8...'.# #######.#####
.#≈≈≈≈≈≈≈### #........#...
.#≈≈≈≈≈≈≈# #........'...
.##≈≈≈≈≈## #........#...


There were no monsters in sight!

Vanquished Creatures
  An ooze (D:1)
  A dart slug (D:1)
  A leopard gecko (D:1)
  A giant cockroach (D:1)
  6 goblins (D:1)
  5 hobgoblins (D:1)
  2 bats (D:1)
  4 frilled lizards (D:1)
  2 kobolds (D:1)
  4 rats (D:1)
27 creatures vanquished.

Notes
Turn   | Place    | Note
-------+----------+-------------------------------------------
     0 | D:1      | Moen the Gnoll Skald began the quest for the Orb.
     0 | D:1      | Reached XP level 1. HP: 20/20 MP: 6/6
   145 | D:1      | Reached XP level 2. HP: 22/26 MP: 7/7
   389 | D:1      | Found a shattered altar of Ashenzari.
   430 | D:1      | Reached XP level 3. HP: 29/31 MP: 9/9
   598 | D:1      | Reached skill level 5 in Spellcasting
   720 | D:1      | Quit the game

Levels and vault maps discovered:
D:1:      minmay_arrival_shattered_statue, layout_basic, kennysheep_flooded_box,
          grunt_decor_arrowhead, evilmike_ruin_ashenzari

Skill      XL: |  1  2  3 |
---------------+----------+-----
Spellcasting   | 5 |  5.0
Fighting       | |  4.5
Short Blades   | |  0.7
Long Blades    | |  0.7
Axes           | |  0.7
Maces & Flails | |  0.7
Polearms       | |  4.5
Staves         | |  0.7
Slings         | |  0.7
Bows           | |  0.7
Crossbows      | |  0.7
Throwing       | |  0.7
Armour         | |  2.6
Dodging        | |  4.5
Stealth        | |  0.7
Shields        | |  0.7
Unarmed Combat | |  0.7
Conjurations   | |  0.5
Hexes          | |  0.5
Charms         | |  5.4
Summonings     | |  0.5
Necromancy     | |  0.5
Translocations | |  0.5
Transmutations | |  0.5
Fire Magic     | |  0.5
Ice Magic      | |  0.5
Air Magic      | |  0.5
Earth Magic    | |  0.5
Poison Magic   | |  0.5
Invocations    | |  0.9
Evocations     | |  0.7

Action                   || total
-------------------------++-------
Melee: Spear             ||    62
       Bite              ||     3
 Fire: Hunting sling     ||    17
Throw: Stone             ||    28
  Use: Scroll            ||     2
Armor: Leather armour    ||     8
       Ring mail         ||     2
Dodge: Dodged            ||    32
